 Dungeon Crawl Stone Soup version 0.30.2 (webtiles) character file.

Game seed: 9281325864401521012

29150 porpoise the Marksminotaur (level 13, -2/122 HPs)
             Began as a Minotaur Hunter on Mar 31, 2024.
             Was the Champion of Fedhas.
             Slain by an orc warlord
             ... wielding a +7 long sword of protection
              (9 damage)
             ... on level 2 of the Orcish Mines.
             The game lasted 01:14:52 (19435 turns).

porpoise the Marksminotaur (Minotaur Hunter)       Turns: 19435, Time: 01:14:53

Health: -2/122     AC: 16    Str: 16    XL:     13   Next: 13%
Magic:  14/19      EV: 19    Int:  9    God:    Fedhas [******]
Gold:   656        SH:  0    Dex: 24    Spells: 12/12 levels left

rFire   . . .        b - +10 quarterstaff of the Enemy {venom, Will- Int+3 Dex+5}
rCold   . . .        (shield currently unavailable)
rNeg    . . .        f - +2 ring mail {rPois}
rPois   +            E - +2 hat
rElec   .            F - +2 cloak
rCorr   .            C - +0 pair of gloves
SInv    .            Y - +0 pair of boots
Will    .....        (no amulet)
Stlth   +            Q - ring of willpower
HPRegen 0.40/turn    m - +5 ring of evasion
MPRegen 0.16/turn

%: no passive effects
@: studying Fighting
A: horns 2, retaliatory headbutt
a: Renounce Religion, Wall of Briars, Grow Ballistomycete, Overgrow, Grow Oklob


You were on level 2 of the Orcish Mines.
You worshipped Fedhas.
Fedhas was exalted by your worship.
You visited 3 branches of the dungeon, and saw 18 of its levels.
You also visited: Ossuary, Bailey and Volcano.

You collected 1542 gold pieces.
You spent 886 gold pieces at shops.

Inventory:

Hand Weapons
 a - a +4 triple crossbow of freezing
 b - the +10 quarterstaff of the Enemy (weapon) {venom, Will- Int+3 Dex+5}
   (You found it on level 4 of the Dungeon)

   Int:       It affects your intelligence (+3).
   Dex:       It affects your dexterity (+5).
   Will:      It decreases your willpower.
 j - a +2 shortbow of flaming
Missiles
 c - 21 poisoned darts
 p - a boomerang of dispersal
 s - 9 boomerangs
 u - 5 throwing nets (quivered)
Armour
 f - a +2 ring mail of poison resistance (worn)
 w - a +0 troll leather armour
 C - a +0 pair of gloves (worn)
 E - a +2 hat (worn)
 F - a +2 cloak (worn)
 Y - a +0 pair of boots (worn)
Jewellery
 m - a +5 ring of evasion (right hand)
 Q - a ring of willpower (left hand)
Wands
 e - a wand of charming (2)
 o - a wand of mindburst (15)
 y - a wand of flame (61)
Scrolls
 k - a scroll of butterflies
 l - 8 scrolls of teleportation
 r - 3 scrolls of fear
 t - 5 scrolls of vulnerability
 v - a scroll of amnesia
 B - 2 scrolls of poison
 P - 3 scrolls of magic mapping
 X - 6 scrolls of identify
Potions
 d - 10 potions of curing
 g - 3 potions of ambrosia
 h - 6 potions of lignification
 n - 4 potions of resistance
 q - 4 potions of berserk rage
 A - 3 potions of attraction
 D - a potion of magic
 K - 4 potions of might
 L - a potion of invisibility
 R - 7 potions of heal wounds
 T - 3 potions of cancellation
Miscellaneous
 i - a piece from Xom's chessboard (15/15)


   Skills:
 + Level 13.5 Fighting
 - Level 6.0 Staves
 * Level 17.1 Ranged Weapons
 - Level 7.0 Armour
 - Level 5.0 Dodging
 - Level 0.7 Stealth
 + Level 10.4 Invocations


You had 12 spell levels left.
You didn't know any spells.
Your spell library contained the following spells:

 Spells                   Type           Power      Damage    Failure   Level
 Slow                     Hex            0%         N/A       56%         1
 Sting                    Tmut/Pois      0%         1d3       56%         1
 Poisonous Vapours        Pois/Air       0%         N/A       71%         2
 Sublimation of Blood     Necr           0%         N/A       71%         2
 Confusing Touch          Hex            0%         N/A       91%         3
 Inner Flame              Hex/Fire       0%         N/A       91%         3
 Vampiric Draining        Necr           0%         2d6       91%         3
 Animate Dead             Necr           0%         N/A       100%        4
 Olgreb's Toxic Radiance  Pois           0%         N/A       100%        4
 Petrify                  Tmut/Erth      0%         N/A       100%        4
 Summon Ice Beast         Ice/Summ       0%         N/A       100%        4
 Irradiate                Conj/Tmut      0%         3d11      100%        5
 Summon Mana Viper        Hex/Summ       0%         N/A       100%        5
 Yara's Violent Unravell  Hex/Tmut       0%         3d3       100%        5
 Enfeeble                 Hex            0%         N/A       100%        7
 Haunt                    Necr/Summ      0%         N/A       100%        7
 Monstrous Menagerie      Summ           0%         N/A       100%        7
 Infestation              Necr           0%         N/A       100%        8


Dungeon Overview and Level Annotations

Branches:
Dungeon (12/15)            Temple (0/1) D:6            Lair (4/5) D:11
  Swamp (0/4) Lair:3        Snake (0/4) Lair:2          Orc (2/2) D:11
    Elf (0/3) Orc:2       Ossuary (visited)          Bailey (visited)
Volcano (visited)
  Slime: Lair:4-5

Altars:
Cheibriados
Elyvilon
Fedhas
Kikubaaqudgha
Ru
Trog
Uskayaw
Vehumet
Zin

Shops:
D:5 ?   D:12 (   Orc:1 !   Orc:2 *!!

Annotations:
Lair:1 3 runed translucent doors, Lieprot's ghost, novice DrFE


Innate Abilities, Weirdness & Mutations

You have a pair of horns on your head.
You reflexively headbutt those who attack you in melee.


Message History

The orc warrior shoots a bolt.
The bolt closely misses you.
The orc warlord hits you with a +7 long sword of protection!!
Fire: a) +4 triple crossbow (freeze)
Press: ? - help, Q - select action, (/) - cycle Shift-Dir - straight line, f/p - orc warlord
Aim: an orc warlord, wielding a +7 long sword of protection and wearing a +0 plate armour (lightly wounded, 80% to hit)
Okay, then.
Your +4 triple crossbow of freezing stops glowing.
You feel clever.
You feel agile.
The +10 quarterstaff of the Enemy {venom, Will- Int+3 Dex+5} begins to drip with poison!
b - the +10 quarterstaff of the Enemy (weapon)
{venom, Will- Int+3 Dex+5} The orc warrior shoots a bolt.
The bolt closely misses you.
Your oklob plant spits acid at the warg.
The splash of acid hits something!!
Fedhas appreciates your contribution to the ecosystem.
Reactivating autopickup.
You feel a bit more experienced.
You hit the orc warlord but do no damage.
The orc warlord is poisoned.
You headbutt the orc warlord, but do no damage.
The orc warlord is lightly wounded.
The orc warlord hits you with a +7 long sword of protection!
* * * LOW HITPOINT WARNING * * *
The orc warrior shoots a bolt.
The bolt closely misses you.
Your oklob plant spits acid at the warg.
The splash of acid hits the warg!!
You sock the orc warlord!
The orc warlord is lightly wounded.
The orc warlord hits you with a +7 long sword of protection!
* * * LOW HITPOINT WARNING * * *
The warg bites your oklob plant!
Your oklob plant spits acid at the warg.
The splash of acid hits the warg!!
The acid corrodes the warg!
The warg dies!
Fedhas appreciates your contribution to the ecosystem.
You hit the orc warlord.
The orc warlord looks as sick as possible!
The orc warlord is lightly wounded.
The orc warlord hits you with a +7 long sword of protection!
You die...
Fedhas appreciates your contribution to the ecosystem.

.................##
.......................#
....).)...............##
....)...)).............##
..))................>..#
...#)..)..o)#.....#..##
#)..).....###...#...#
#...)o)....#.......##
#...)@.P...........#
##.................##
#...#........^.....#
#.................##
##...#.........#...#
#....##........##.##
#.#.#.###........###
##.....###.........## .#
##.#.## ##.........#


You could see an orc warlord (extremely poisoned, ally target), an orc warrior
(strong) and a friendly oklob plant (summoned).

Vanquished Creatures
  2 vault guards (Bailey)
  A two-headed ogre (Orc:2)
  4 death yaks (Lair:1)
  2 orc high priests
  An orc knight (Orc:2)
  2 ugly things (D:12)
  A cyclops (D:10)
  2 manticores (D:12)
  A molten gargoyle (Volcano)
  4 gargoyles
  2 rime drakes
  3 cane toads
  2 kobold demonologists (D:12)
  4 komodo dragons
  A polar bear (Lair:2)
  8 trolls
  Prince Ribbit (Bailey)
  3 blink frogs (Lair:1)
  Grinder (D:5)
  4 wyverns
  16 yaks
  A wraith (D:11)
  2 basilisks
  2 fire elementals (Volcano)
  A human (Bailey)
  A steam dragon (D:7)
  2 vampire mosquitoes (D:11)
  5 wargs
  3 nagas (Lair:2)
  3 acid dragons
  7 water moccasins
  An ice beast (D:5)
  5 black bears
  9 orc warriors
  10 ogres
  2 sky beasts
  9 centaurs
  A phantom (D:4)
  5 kobold brigands
  2 gnoll sergeants
  20 bullfrogs
  4 scorpions
  8 water moccasin zombies (Ossuary)
  6 wights
  3 killer bees (D:11)
  2 electric eels
  9 howler monkeys
  A lava snake (D:11)
  A jelly (D:4)
  6 orc priests
  2 gnoll boudas
  4 hounds
  10 iguanas
  18 orc wizards
  2 mummies (Ossuary)
  6 adders
  29 gnolls
  A shadow imp (D:6)
  2 white imps
  2 ufetubi
  3 adder zombies (Ossuary)
  A worm (D:2)
  4 dart slugs
  56 orcs
  5 bats
  6 endoplasms
  6 giant cockroaches
  2 gnoll zombies (Ossuary)
  10 goblins
  11 hobgoblins
  8 jackals
  23 kobolds
  6 quokkas
  11 ball pythons
  4 frilled lizards
  A goblin zombie (D:7)
  3 hobgoblin zombies (Ossuary)
  8 kobold zombies (Ossuary)
  7 orc zombies (Ossuary)
  A quokka zombie (D:7)
  6 rats
454 creatures vanquished.

Vanquished Creatures (collateral kills)
  A warg (Orc:2)
  An orc wizard (Orc:2)
  2 orcs (Orc:2)
  7 ballistomycete spores (Orc:2)
11 creatures vanquished.

Grand Total: 465 creatures vanquished

Notes
Turn   | Place    | Note
-------+----------+-------------------------------------------
     0 | D:1      | porpoise the Minotaur Hunter began the quest for the Orb.
     0 | D:1      | Reached XP level 1. HP: 18/18 MP: 0/0
   102 | D:1      | Reached XP level 2. HP: 25/25 MP: 1/1
   238 | D:1      | Reached skill level 5 in Ranged Weapons
   260 | D:1      | Reached skill level 1 in Armour
   272 | D:1      | Reached XP level 3. HP: 31/31 MP: 2/2
   727 | D:2      | Found a bloodstained altar of Trog.
   928 | D:2      | Found a faded altar of an unknown god.
  1088 | D:2      | Reached XP level 4. HP: 34/38 MP: 3/3
  1715 | D:3      | Found a radiant altar of Vehumet.
  1715 | D:3      | Found an ancient bone altar of Kikubaaqudgha.
  1716 | D:3      | Found a blossoming altar of Fedhas.
  1722 | D:3      | Found a glowing silver altar of Zin.
  1725 | D:3      | Became a worshipper of Fedhas Madash
  1727 | D:3      | Found a snail-covered altar of Cheibriados.
  1731 | D:3      | Found a sacrificial altar of Ru.
  1733 | D:3      | Found a hide-covered altar of Uskayaw.
  1735 | D:3      | Found a bloodstained altar of Trog.
  1738 | D:3      | You fall into a shaft and drop 2 floors!
  1738 | D:5      | Entered Level 5 of the Dungeon
  1776 | D:4      | Reached skill level 6 in Ranged Weapons
  1776 | D:4      | Reached XP level 5. HP: 46/46 MP: 4/4
  2074 | D:4      | Noticed an ogre
  2080 | D:4      | Killed an ogre
  2081 | D:4      | Reached skill level 1 in Invocations
  2085 | D:4      | Reached XP level 6. HP: 42/52 MP: 5/5
  2555 | D:4      | Reached * piety under Fedhas
  2563 | D:4      | Reached skill level 7 in Ranged Weapons
  3129 | D:4      | Identified the +10 quarterstaff of the Enemy {venom, Will-
                  | Int+3 Dex+5}
  3178 | D:4      | Reached XP level 7. HP: 58/60 MP: 7/7
  3269 | D:5      | Reached skill level 5 in Fighting
  3292 | D:5      | Reached ** piety under Fedhas
  3760 | D:5      | Found Exykhep's Magic Scroll Boutique.
  3800 | D:5      | Bought a scroll of enchant armour for 90 gold pieces
  3800 | D:5      | Bought a scroll of amnesia for 48 gold pieces
  3800 | D:5      | Bought a scroll of fear for 48 gold pieces
  3819 | D:5      | Reached skill level 8 in Ranged Weapons
  3863 | D:5      | Noticed Grinder
  3871 | D:5      | Paralysed by Grinder for 4 turns
  3880 | D:5      | Killed Grinder
  3881 | D:5      | Reached XP level 8. HP: 59/70 MP: 9/9
  4152 | D:5      | Reached skill level 9 in Ranged Weapons
  4581 | D:6      | Reached skill level 10 in Ranged Weapons
  4784 | D:6      | Reached skill level 5 in Invocations
  5042 | D:6      | Reached XP level 9. HP: 79/79 MP: 11/11
  5259 | D:6      | Reached *** piety under Fedhas
  5558 | D:6      | Found a staircase to the Ecumenical Temple.
  5656 | D:7      | Found a sand-covered staircase.
  5663 | Ossuary  | Entered an ossuary
  5722 | Ossuary  | Reached skill level 11 in Ranged Weapons
  5760 | Ossuary  | Reached **** piety under Fedhas
  6027 | D:7      | Found a flagged portal.
  6047 | Bailey   | Entered a bailey
  6162 | Bailey   | Reached skill level 12 in Ranged Weapons
  6162 | Bailey   | Reached XP level 10. HP: 83/90 MP: 13/13
  6361 | Bailey   | Noticed a vault guard
  6362 | Bailey   | Noticed Prince Ribbit
  6370 | Bailey   | Killed Prince Ribbit
  6370 | Bailey   | Reached ***** piety under Fedhas
  6374 | Bailey   | HP: 2/91 [vault guard/+0 broad axe (16)]
  6378 | Bailey   | Killed a vault guard
  6606 | Bailey   | Noticed a vault guard
  6619 | Bailey   | Killed a vault guard
  6620 | Bailey   | Reached skill level 13 in Ranged Weapons
  8609 | D:9      | Reached skill level 5 in Armour
  9008 | D:9      | Reached skill level 14 in Ranged Weapons
  9512 | D:10     | Entered Level 10 of the Dungeon
  9713 | D:10     | HP: 1/91 [troll (11)]
  9720 | D:10     | Reached XP level 11. HP: 10/97 MP: 15/15
 10382 | D:10     | Found a white marble altar of Elyvilon.
 11117 | D:10     | Reached skill level 1 in Staves
 11516 | D:11     | Identified a scroll of acquirement
 11516 | D:11     | Acquired a manual of Fighting
 11590 | D:11     | Found a staircase to the Orcish Mines.
 12340 | D:11     | Found a staircase to the Lair.
 12445 | Lair:1   | Entered Level 1 of the Lair of Beasts
 12665 | Lair:1   | Reached skill level 5 in Staves
 12685 | Lair:1   | Reached ****** piety under Fedhas
 12686 | Lair:1   | Reached skill level 15 in Ranged Weapons
 12846 | Lair:1   | Reached skill level 10 in Fighting
 13182 | Lair:1   | Found a runed translucent gate.
 13182 | Lair:1   | Found a runed translucent gate.
 13182 | Lair:1   | Found a runed translucent gate.
 13183 | Lair:1   | Noticed Lieprot's ghost (novice DrFE)
 13306 | Lair:1   | Noticed a death yak
 13308 | Lair:1   | Noticed a death yak
 13325 | Lair:1   | Killed a death yak
 13326 | Lair:1   | Reached XP level 12. HP: 60/106 MP: 17/17
 13338 | Lair:1   | Noticed a death yak
 13339 | Lair:1   | Noticed a death yak
 13348 | Lair:1   | Killed a death yak
 13358 | Lair:1   | Killed a death yak
 13364 | Lair:1   | Killed a death yak
 14289 | D:12     | Found Jeizuar's Weapon Boutique.
 14630 | D:12     | Bought a +4 triple crossbow of freezing for 480 gold pieces
 16147 | Lair:2   | You fall into a shaft and drop 2 floors!
 16188 | Lair:3   | Found a staircase to the Swamp.
 16211 | Lair:3   | Identified the +0 short sword "Tuaxzell" {freeze, Fly rElec
                  | rC++ Str+2}
 16405 | Lair:2   | Reached skill level 16 in Ranged Weapons
 16405 | Lair:2   | Reached skill level 5 in Dodging
 16732 | Lair:2   | Found a staircase to the Snake Pit.
 16769 | Lair:2   | Found a dark tunnel.
 16775 | Volcano  | Entered a volcano
 16874 | Volcano  | Reached skill level 10 in Invocations
 17935 | Orc:1    | Entered Level 1 of the Orcish Mines
 18247 | Orc:1    | Found Kuann's Distillery.
 18258 | Orc:1    | Bought a potion of heal wounds for 55 gold pieces
 18258 | Orc:1    | Bought a potion of resistance for 110 gold pieces
 18258 | Orc:1    | Bought a potion of heal wounds for 55 gold pieces
 18689 | Orc:2    | Entered Level 2 of the Orcish Mines
 18689 | Orc:2    | Noticed an orc high priest
 18689 | Orc:2    | Found Ugept's General Store.
 18739 | Orc:1    | Killed an orc high priest
 18930 | Orc:2    | Noticed an orc high priest
 18930 | Orc:2    | Found Gamimum's Distillery.
 18930 | Orc:2    | Found Ixaqodum's Distillery.
 19256 | Orc:2    | Killed an orc high priest
 19257 | Orc:2    | Reached XP level 13. HP: 112/122 MP: 19/19
 19361 | Orc:2    | Found a staircase to the Elven Halls.
 19415 | Orc:2    | Reached skill level 17 in Ranged Weapons
 19424 | Orc:2    | Noticed an orc warlord
 19435 | Orc:2    | Slain by an orc warlord

Illustrated notes

Levels and vault maps discovered:
D:1:      eino_arrival_cavern_a, layout_loops_cross, minmay_bisected
D:2:      layout_basic, hellmonk_ecumenical_altar_arch_garden, basic_altar,
          grunt_ministairs_15
D:3:      layout_basic, nicolae_overflow_hallway_of_the_gods,
          minmay_misc_feat_alley, wad_floor_pattern_untrapped
D:4:      corexii_shack_village, layout_loops_ring, nzn_random_ring
D:5:      cheibrodos_barr_body, layout_basic, serial_shops,
          nicolae_shop_tiny_glass, uniq_grinder
D:6:      layout_loops_corners, minmay_temple_entry_overgrown
D:7:      layout_loops_ring, enter_bailey_7, enter_ossuary_4, st_stairs_10
D:8:      layout_basic
D:9:      layout_stronghold, serial_bayou_pond_b
D:10:     layout_small_grid, lemuel_round_altar, minmay_misc_feat_ornament,
          nicolae_eternal_life
D:11:     layout_cave_pools, due_lair_maze_entry_diamond, nicolae_lava_and_water
D:12:     layout_stronghold, serial_shops, nicolae_shop_waterfront
Lair:1:   layout_loops_ring, gammafunk_ghost_necromancy,
          chequers_serial_rivers_marsh, grunt_megastairs_1
Lair:2:   layout_chaotic_city, guppyfry_snake_entry_island, enter_volcano_4,
          infiniplex_staircase_pool_2, serial_bayou_shore_a
Lair:3:   pond_and_an_island_with_a_cottage, layout_gridlike, swamp_mist,
          portal_ice_cave_rime
Lair:4:   layout_regular_city, nicolae_slime_entry_field_trip,
          grunt_megastairs_3
Orc:1:    layout_caves, serial_shops, shop, nicolae_orc_damp_corner
Orc:2:    grunt_orc_tribal_feast, layout_diamond_mine, serial_shops, shop, shop,
          nicolae_shop_waterfront, shop

Skill      XL: |  1  2  3  4  5  6  7  8  9 10 11 12 13 |
---------------+----------------------------------------+-----
Fighting       | 3 4 5 7 8 9 10 13 | 13.5
Ranged Weapons | 5 6 7 8 10 12 14 15 16 17 | 17.1
Armour         | 1 2 3 5 7 |  7.0
Invocations    | 1 2 3 5 6 7 8 10 | 10.4
Staves         | 6 |  6.0
Dodging        | 3 5 |  5.0
Stealth        | |  0.7

Action                     |  1- 3 |  4- 6 |  7- 9 | 10-12 | 13-15 || total
---------------------------+-------+-------+-------+-------+-------++-------
  Melee: Quarterstaff      |       |     7 |   224 |   328 |     7 ||   566
         Dagger            |       |     6 |       |       |       ||     6
         Headbutt          |       |       |    47 |    87 |     1 ||   135
   Fire: Shortbow          |   125 |   185 |    91 |   386 |       ||   787
         Triple crossbow   |       |       |       |    69 |    22 ||    91
  Throw: Dart              |       |       |     7 |       |       ||     7
         Throwing net      |       |       |     1 |       |       ||     1
         Javelin           |       |       |       |     1 |       ||     1
 Invoke: Wall of Briars    |       |       |     1 |       |       ||     1
         Grow Ballistomyce |       |       |       |       |     1 ||     1
         Grow Oklob        |       |       |       |       |     1 ||     1
  Evoke: Wand              |       |       |       |     2 |       ||     2
    Use: Scroll            |     3 |     5 |    10 |     9 |       ||    27
         Potion            |       |       |       |     5 |     1 ||     6
   Stab: Sleeping          |       |       |       |     1 |       ||     1
 Armour: Ring mail         |    26 |    30 |    36 |   117 |     4 ||   213
         Acid dragon scale |       |       |    77 |   135 |       ||   212
         Leather armour    |       |       |       |     7 |       ||     7
  Dodge: Dodged            |    33 |    59 |   170 |   412 |    17 ||   691
